 Dungeon Crawl Stone Soup version 0.30-a0-359-gd0147acb1a (webtiles) character file.

Game seed: 1908710898413254227

422 experimilk the Conjurer (level 6, 0/45 HPs)
             Began as a Draconian Conjurer on Nov 11, 2022.
             Killed from afar by a white imp (6 damage)
             ... with a puff of frost
             ... on level 5 of the Dungeon.
             The game lasted 00:12:10 (6256 turns).

experimilk the Conjurer (Draconian Conjurer)        Turns: 6256, Time: 00:12:10

Health: 0/45       AC:  7    Str: 16    XL:     6   Next: 63%
Magic:  2/9        EV: 11    Int: 20    God:
Gold:   179        SH:  2    Dex:  9    Spells: 4/9 levels left

rFire   . . .      SeeInvis .    f - +2 mace (protect)
rCold   . . .      Faith    .    h - +0 buckler
rNeg    . . .      Spirit   .    (body armour unavailable)
rPois   .          Reflect  .    (helmet restricted)
rElec   .          Harm     .    (no cloak)
rCorr   .          Rampage  .    (no gloves)
Will    .....                    d - +0 pair of boots
Stlth   ++........               (no amulet)
HPRegen 0.27/turn                n - +6 ring of strength
MPRegen 0.11/turn                (no ring)

@: no status effects
A: AC +6, unfitting armour, cold-blooded
a: no special abilities


You were on level 5 of the Dungeon.
You visited 1 branch of the dungeon, and saw 5 of its levels.

You collected 179 gold pieces.

Inventory:

Hand Weapons
 f - a +2 mace of protection (weapon)
Armour
 d - a +0 pair of boots (worn)
 h - a +0 buckler (worn)
Jewellery
 n - a +6 ring of strength (left hand)
 o - a ring of positive energy
Wands
 p - a wand of flame (18)
Scrolls
 c - 4 scrolls of enchant weapon
 i - 3 scrolls of enchant armour
 m - a scroll of blinking
Potions
 a - 3 potions of mutation
 b - a potion of attraction
 e - a potion of lignification {unknown}
 g - 2 potions of brilliance {unknown}
 j - a potion of flight {unknown}
 k - a potion of might {unknown}
 l - a potion of degeneration {unknown}
 r - a potion of cancellation {unknown}
 s - a potion of heal wounds


   Skills:
 - Level 1.7 Dodging
 - Level 1.7 Stealth
 - Level 2.0 Spellcasting
 * Level 7.2 Conjurations
 + Level 3.2 Poison Magic


You had 4 spell levels left.
You knew the following spells:

 Your Spells              Type           Power      Damage    Failure   Level
a - Poisonous Vapours     Pois/Air       16%        N/A       17%         2
b - Magic Dart            Conj           100%       1d8       1%          1
z - Searing Ray           Conj           62%        2d6       1%          2

Your spell library contained the following spells:

 Spells                   Type           Power      Damage    Failure   Level
 Sting                    Tmut/Pois      32%        1d4       11%         1
 Dazzling Flash           Conj/Hex       32%        N/A       14%         3
 Fulminant Prism          Conj/Hex       8%         3d7       43%         4
 Iskenderun's Mystic Bla  Conj/Tloc      16%        2d5       43%         4
 Olgreb's Toxic Radiance  Pois           14%        N/A       50%         4
 Vhi's Electric Charge    Tloc/Air       4%         N/A       54%         3
 Arcjolt                  Conj/Air       8%         1d18      80%         5
 Maxwell's Capacitive Co  Air            1%         ∞         100%        8


Dungeon Overview and Level Annotations

Branches:
Dungeon (5/15)
 Temple: D:4-7

Altars:
Fedhas
The Shining One


Innate Abilities, Weirdness & Mutations

Your plain brown scales are hard. (AC +6)
You cannot fit into any form of body armour.
You are cold-blooded and may be slowed by cold attacks.


Message History

Unknown command.
You closely miss the adder.
The howler monkey hoots and howls with incredible vigour!
The adder bites you. The adder barely misses you. The howler monkey misses you.
The worm bites you but does no damage.
You hear a faint skittering sound.
You hear a skittering sound.
You hear a faint skittering sound.
You hear a bark!
Unknown command.
You closely miss the adder.
Your tail-slap misses the adder.
The adder is moderately wounded.
Your surroundings suddenly seem different.
A hound and a white imp come into view.
Found an escape hatch in the ceiling.
Found a stone staircase leading down.
The hound barely misses you. The hound closely misses you.
The white imp gestures at you. The puff of frost hits you!
The hound attacks as you move away! The hound barely misses you.
The white imp disappears for a moment.
The white imp gestures at you. The puff of frost hits you.
The hound stops to sniff the ground.
The hound closely misses you. The white imp gestures at you.
The puff of frost hits you!
* * * LOW HITPOINT WARNING * * *
The hound bites you.
* * * LOW HITPOINT WARNING * * *
The hound stops to sniff the ground.
The hound attacks as you move away! The hound bites you.
* * * LOW HITPOINT WARNING * * *
The hound barely misses you. The hound attacks as you move away!
The hound bites you but does no damage.
There is an escape hatch in the ceiling here.
The hound bites you but does no damage. The hound misses you.
The hound attacks as you move away! The hound bites you.
* * * LOW HITPOINT WARNING * * *
The white imp gestures at you. The puff of frost hits you.
You die...

#.## .. #..< ## #..
##.# ## .. #..#
#.###.## #..##.##..
#...
#..##..###.........
.....
#.......<..#..#....
....#.
#.........#......
#.#...##
#........5...# #
#..# #
#...##.......## ###
#.>...##.....h@.#
..#..#.......##.##
....####......##.#
.... .........###
.# ..........
....... ##..


You could see a hound and a white imp.

Vanquished Creatures
  A black bear (D:4)
  2 hounds
  A gnoll bouda (D:4)
  Terence (D:3)
  An iguana (D:4)
  7 adders
  4 gnolls (D:4)
  A white imp (D:4)
  3 dart slugs
  2 orcs
  6 endoplasms
  3 giant cockroaches
  6 goblins
  7 hobgoblins
  4 jackals (D:1)
  3 quokkas
  7 ball pythons
  3 bats (D:1)
  5 frilled lizards
  2 goblin skeletons (D:3)
  A goblin zombie (D:3)
  6 hobgoblin zombies (D:3)
  4 kobolds
  2 orc zombies (D:3)
  6 rats
88 creatures vanquished.

Vanquished Creatures (others)
  10 fungi (D:5)
10 creatures vanquished.

Grand Total: 98 creatures vanquished

Notes
Turn   | Place    | Note
-------+----------+-------------------------------------------
     0 | D:1      | experimilk the Draconian Conjurer began the quest for the
                  | Orb.
     0 | D:1      | Reached XP level 1. HP: 14/14 MP: 3/3
   283 | D:1      | Reached XP level 2. HP: 20/20 MP: 3/5
   747 | D:1      | Learned a level 2 spell: Searing Ray
   993 | D:1      | Reached skill level 5 in Conjurations
  1028 | D:1      | Reached XP level 3. HP: 26/26 MP: 3/6
  1385 | D:2      | Learned a level 2 spell: Poisonous Vapours
  1844 | D:2      | Identified the +1 ring mail of a Thousand Brambles {Str+4}
  2111 | D:2      | Reached skill level 1 in Poison Magic
  2111 | D:2      | Reached XP level 4. HP: 33/33 MP: 4/7
  2680 | D:3      | Noticed Terence
  2704 | D:3      | Killed Terence
  2959 | D:3      | Found a glowing golden altar of the Shining One.
  3265 | D:4      | Reached skill level 6 in Conjurations
  3265 | D:4      | Reached XP level 5. HP: 33/38 MP: 0/8
  5091 | D:4      | Reached XP level 6. HP: 32/45 MP: 0/9
  5267 | D:4      | Reached skill level 7 in Conjurations
  5509 | D:4      | Found a blossoming altar of Fedhas.
  6213 | D:5      | Entered Level 5 of the Dungeon
  6256 | D:5      | Killed from afar by a white imp

Illustrated notes

Levels and vault maps discovered:
D:1:      minmay_arrival_four_circles, layout_basic, st_stairs_1
D:2:      layout_basic, minmay_pentomino_t2
D:3:      layout_rooms, nicolae_tso_besieged_by_evil,
          kennysheep_decorative_pillar, uniq_terence
D:4:      layout_loops_ring, mainiacjoe_overflow_six_doors_small,
          roderic_roman_lattice
D:5:      old_forge, layout_cave_pools, grunt_ashenzari_visionary
          [grunt_ashenzari_visionary_shoals, grunt_ashenzari_visionary_spider],
          cheibrodos_sewer_entry_bend, nicolae_shop_sticking_my_neck_out

Skill      XL: |  1  2  3  4  5  6 |
---------------+-------------------+-----
Conjurations   | 5 6 7 |  7.2
Poison Magic   | 1 2 3 |  3.2
Dodging        | |  1.7
Stealth        | |  1.7
Spellcasting   | |  2.0

Action                   |  1- 3 |  4- 6 || total
-------------------------+-------+-------++-------
Melee: Short sword       |     1 |    10 ||    11
       Mace              |       |    17 ||    17
       Tailslap          |       |     3 ||     3
 Cast: Magic Dart        |    81 |    72 ||   153
       Searing Ray       |     3 |    19 ||    22
       Poisonous Vapours |       |     6 ||     6
  Use: Scroll            |       |    10 ||    10
       Potion            |       |     2 ||     2
Armor: Skin              |     5 |    27 ||    32
Dodge: Dodged            |     5 |    40 ||    45
Block: Buckler           |       |     1 ||     1

Table legend: (Time is in decaauts)
 A = Elapsed time spent in this place.
 B = Non-inter-level travel time spent in this place.
 C = Inter-level travel time spent in this place.
 D = Time resting spent in this place.
 E = Time spent auto-exploring this place.
 F = Levels seen in this place.
 G = Mean time per level.
                   A        B        C        D        E       F      G
               +--------+--------+--------+--------+--------+-----+--------+
         Total |   6263 |   6103 |    160 |   1849 |   3549 |   5 | 1252.6 |
       Dungeon |   6263 |   6103 |    160 |   1849 |   3549 |   5 | 1252.6 |
               +--------+--------+--------+--------+--------+-----+--------+

Top non-repeatable levels by time:
     D:4: 1969 daAuts
     D:3: 1675 daAuts
     D:1: 1380 daAuts
     D:2: 1191 daAuts
     D:5: 46 daAuts
